 Dungeon Crawl Stone Soup version 0.31-a0-765-g67fe2935dc (webtiles) character file.

Game seed: 12330747663906859729

1 Zeko the Charlatan (level 1, 0/16 HPs)
             Began as a Meteoran Artificer on Sept 15, 2023.
             Slain by a jackal (3 damage)
             ... on level 1 of the Dungeon.
             The game lasted 00:00:06 (31 turns).

Zeko the Charlatan (Meteoran Artificer)               Turns: 31, Time: 00:00:07

Health: 0/16       AC:  3    Str: 13    XL:     1   Next: 28%
Magic:  2/2        EV: 11    Int: 12    God:
Gold:   0          SH:  0    Dex: 14    Spells: 0/0 levels left

rFire   . . .        a - +0 club
rCold   . . .        (no shield)
rNeg    . . .        b - +0 leather armour
rPois   .            (no helmet)
rElec   .            (no cloak)
rCorr   .            (no gloves)
SInv    .            (no boots)
Will    .....        (no amulet)
Stlth   +            (no ring)
HPRegen 0.22/turn    (no ring)
MPRegen 0.08/turn

%: no passive effects
@: glowing
A: sense surroundings 1, otherworldly, glowing, explore regen
a: no special abilities


You were on level 1 of the Dungeon.
You visited 1 branch of the dungeon, and saw 1 of its levels.

Inventory:

Hand Weapons
 a - a +0 club (weapon)
Armour
 b - a +0 leather armour (worn)
Wands
 c - a wand of flame (15) (quivered)
 d - a wand of charming (15)
 e - a wand of iceblast (5)


   Skills:
 + Level 1.1 Fighting
 + Level 2.3 Armour
 + Level 1.1 Dodging
 + Level 0.6 Stealth
 + Level 3.6 Evocations


You couldn't memorise any spells.
You didn't know any spells.
Your spell library was empty.

Dungeon Overview and Level Annotations

Branches:
Dungeon (1/15) Zot: 563

Altars:


Innate Abilities, Weirdness & Mutations

You passively map a small area around you.
You are easily found by Zot.
You glow in the dark.
You regain HP and MP as you explore.


Message History

A frilled lizard comes into view.
The jackal closely misses you.
You closely miss the jackal.
The jackal is severely wounded.
The jackal bites you but does no damage.
The jackal closely misses you. The jackal barely misses you.
You closely miss the jackal.
The jackal is severely wounded.
The jackal bites you. The jackal closely misses you.
The jackal barely misses you. The jackal bites you.
You hit the jackal.
The jackal is almost dead.
The jackal bites you but does no damage.
The jackal misses you. The jackal closely misses you. The jackal misses you.
You hit the jackal.
You kill the jackal!
The jackal bites you but does no damage. x2
The jackal closely misses you.
You barely miss the jackal. The jackal barely misses you. x2
You barely miss the jackal. The jackal closely misses you.
The jackal barely misses you. The jackal misses you.
The jackal completely misses you.
You barely miss the jackal. The jackal misses you.
The jackal closely misses you. The jackal barely misses you.
The jackal closely misses you.
You closely miss the jackal. You punch the jackal.
The jackal is heavily wounded.
A bat comes into view.
The jackal bites you. The jackal completely misses you.
The jackal bites you. x2
* * * LOW HITPOINT WARNING * * *
You closely miss the jackal.
The jackal is heavily wounded.
The jackal closely misses you. The jackal bites you.
* * * LOW HITPOINT WARNING * * *
The jackal bites you but does no damage.
The jackal closely misses you.
You closely miss the jackal.
The jackal is heavily wounded.
The jackal bites you.
You die...

, * #... , #...
, ... , ,
*..### , * *
...## ..####bhl
,*** .....Khh#
* * , * #@#,,*
, #.#* * *
##.## , * *
#8>8# * , ##.##
, , #.# * , , ,
, , ,,#.# , , *
#.# , , , ,
#######.#######


You could see 3 jackals, a bat, a kobold and a frilled lizard.

Vanquished Creatures
  A jackal (D:1)
1 creature vanquished.

Notes
Turn   | Place    | Note
-------+----------+-------------------------------------------
     0 | D:1      | Zeko the Meteoran Artificer began the quest for the Orb.
     0 | D:1      | Reached XP level 1. HP: 16/16 MP: 2/2
    31 | D:1      | Slain by a jackal

Illustrated notes

Levels and vault maps discovered:
D:1:      lemuel_arrival_cross, layout_rooms

Action                     || total
---------------------------++-------
  Melee: Club              ||    16
         Punch             ||     1
 Armour: Leather armour    ||    19
  Dodge: Dodged            ||    35

Table legend: (Time is in decaauts)
 A = Elapsed time spent in this place.
 B = Non-inter-level travel time spent in this place.
 C = Inter-level travel time spent in this place.
 D = Time resting spent in this place.
 E = Time spent auto-exploring this place.
 F = Levels seen in this place.
 G = Mean time per level.
                   A        B        C        D        E       F      G
               +--------+--------+--------+--------+--------+-----+--------+
         Total |     35 |     35 |      0 |      0 |      0 |   1 |   35.0 |
       Dungeon |     35 |     35 |      0 |      0 |      0 |   1 |   35.0 |
               +--------+--------+--------+--------+--------+-----+--------+

Top non-repeatable levels by time:
     D:1: 35 daAuts
